 Dungeon Crawl Stone Soup version 0.22-a0-467-g5c5de1cb09 (webtiles) character file.

56 Ikesh the Stinger (level 3, 0/22 HPs)
             Began as a Naga Venom Mage on June 10, 2018.
             Slain by an adder (2 damage)
             ... on level 2 of the Dungeon.
             The game lasted 00:05:21 (876 turns).

Ikesh the Stinger (Naga Venom Mage)                  Turns: 876, Time: 00:05:22

Health: 0/22       AC:  3    Str: 10    XL:     3   Next: 95%
Magic:  3/6        EV: 10    Int: 16    God:
Gold:   128        SH:  0    Dex: 11    Spells: 3/6 levels left

rFire    . . .     SeeInvis +   j - +0 short sword
rCold    + . .     Gourm    .   (no shield)
rNeg     . . .     Faith    .   a - +0 robe
rPois    +         Spirit   .   i - +0 helmet
rElec    .         Reflect  .   (no cloak)
rCorr    .         Harm     .   (no gloves)
MR       .....                  (no barding)
Stlth    +++.......             f - amulet of regeneration
HPRegen  0.47/turn              (no ring)
MPRegen  0.10/turn              (no ring)

@: very slightly contaminated, very slow
A: large, see invisible, cold resistance 1, deformed body, frail 2, poison
resistance, slowness 2, slow metabolism 1, spit poison 2, wild magic 1, AC +1
a: Breathe Poison Gas


You were on level 2 of the Dungeon.
You were not hungry.

You visited 1 branch of the dungeon, and saw 2 of its levels.

You collected 128 gold pieces.

Inventory:

Hand Weapons
 d - a +0 dagger
 j - a +0 short sword (weapon)
Armour
 a - a +0 robe (worn)
 i - a +0 helmet (worn)
Jewellery
 f - an amulet of regeneration (around neck)
Scrolls
 g - a scroll of fear {unknown}
 h - a scroll of remove curse {unknown}
Potions
 e - a potion of brilliance
Comestibles
 b - 2 chunks of flesh
 c - 5 rations


   Skills:
 + Level 1.9 Dodging
 + Level 4.7 Stealth
 + Level 2.1 Spellcasting
 + Level 1.0 Conjurations
 + Level 0.4 Air Magic
 + Level 4.8 Poison Magic


You had 3 spell levels left.
You knew the following spells:

 Your Spells              Type           Power        Failure   Level  Hunger
a - Sting                 Conj/Pois      ##..         10%         1    #......
b - Poisonous Vapours     Pois/Air       ##....       16%         2    ###....

Your spell library contained the following spells:

 Spells                   Type           Power        Failure   Level  Hunger
 Mephitic Cloud           Conj/Pois/Air  ##......     34%         3    ###....
 Venom Bolt               Conj/Pois      ##........   90%         5    ######.
 Olgreb's Toxic Radiance  Pois           ###.....     36%         4    #####..


Dungeon Overview and Level Annotations

Branches:
Dungeon (2/15)

Altars:


Innate Abilities, Weirdness & Mutations

You cannot wear boots.
Your serpentine skin is tough. (AC +1)
You have supernaturally acute eyesight. (SInv)
Armour fits poorly on your strangely shaped body.
Your system is resistant to poisons. (rPois)
You cover ground very slowly.
You have a slow metabolism.
You can exhale a cloud of poison.
Your flesh is cold resistant. (rC+)
You are very frail. (-20% HP)
Your spells are a little harder to cast, but a little more powerful.


Message History

The adder closely misses you.
You miss the adder.
The adder is moderately wounded.
The adder misses you.
You miss the adder.
The adder is moderately wounded.
The adder bites you. x2
* * * LOW HITPOINT WARNING * * *
You closely miss the adder.
The adder is moderately wounded.
The adder closely misses you.
You hit the adder but do no damage.
The adder is moderately wounded.
The adder bites you.
* * * LOW HITPOINT WARNING * * *
The adder closely misses you.
You hit the adder.
The adder is heavily wounded.
The adder bites you.
You die...

.#
#......#.###
.#
##...)...#
## ##.#))..#
######.# #)#
#.# ### ##
## #.# #.#
#.#
#.##..####.#
#.##.#
#...?.S@...#
#.#.#
####..######
...# ....
#<# #### #.#
..# ###


You could see an adder.

Vanquished Creatures
  A gnoll (D:1)
  2 adders (D:2)
  An ooze (D:1)
  A worm (D:2)
  A dart slug (D:1)
  4 goblins
  A hobgoblin (D:1)
  3 kobolds
  2 ball pythons
  2 bats
  A frilled lizard (D:2)
  5 rats
24 creatures vanquished.

Notes
Turn   | Place    | Note
-------+----------+-------------------------------------------
     0 | D:1      | Ikesh the Naga Venom Mage began the quest for the Orb.
     0 | D:1      | Reached XP level 1. HP: 15/15 MP: 3/3
   257 | D:1      | Reached XP level 2. HP: 21/22 MP: 1/5
   261 | D:1      | Learned a level 2 spell: Poisonous Vapours
   476 | D:1      | Reached XP level 3. HP: 25/28 MP: 3/6
   685 | D:2      | Gained mutation: You are agile. (Dex +2) [potion of mutation]
   685 | D:2      | Gained mutation: Your spells are a little harder to cast, but a little more powerful. [potion of mutation]
   685 | D:2      | Gained mutation: You are very agile. (Dex +4) [potion of mutation]
   685 | D:2      | Gained mutation: You are resistant to electric shocks. (rElec) [potion of mutation]
   686 | D:2      | Lost mutation: You are resistant to electric shocks. (rElec) [potion of mutation]
   686 | D:2      | Lost mutation: You are very agile. (Dex +4) [potion of mutation]
   686 | D:2      | Lost mutation: You are agile. (Dex +2) [potion of mutation]
   686 | D:2      | Gained mutation: You are frail. (-10% HP) [potion of mutation]
   686 | D:2      | Gained mutation: You are very frail. (-20% HP) [potion of mutation]
   686 | D:2      | Gained mutation: You can exhale a cloud of poison. [potion of mutation]
   686 | D:2      | Gained mutation: Your flesh is cold resistant. (rC+) [potion of mutation]
   876 | D:2      | Slain by an adder

Vault maps used:
D:1:      dpeg_arrival_round_a, serial_corexii_hall,
          corexii_hall_statues_deadend, corexii_hall_statues_x,
          corexii_hall_statues_x, corexii_hall_statues_l
D:2:      first_ration, kennysheep_flooded_box, hangedman_feature_mirror,
          uniq_crazy_yiuf_cottage

Skill      XL: |  1  2  3 |
---------------+----------+-----
Stealth        | 4 |  4.7
Dodging        | |  1.9
Spellcasting   | |  2.1
Conjurations   | |  1.0
Air Magic      | |  0.4
Poison Magic   | |  4.8

Action                   || total
-------------------------++-------
Melee: Unarmed           ||     5
       Dagger            ||    13
       Short sword       ||    19
 Cast: Sting             ||     6
       Poisonous Vapours ||    14
 Abil: Spit Poison       ||     3
  Use: Potion            ||     4
 Stab: Sleeping          ||     7
  Eat: Chunk             ||     1
Armor: Robe              ||     7
Dodge: Dodged            ||    29

Table legend:
 A = Spawn XP
 B = Non-spawn XP
 C = Spawn XP percentage of total XP
 D = Spawn monster count
 E = Non-spawn monster count
 F = Spawn count percentage of total count
 G = Total turns spent on level
                    A         B        C        D         E        F      G
               +---------+---------+-------+---------+---------+-------+---------
         Total |       0 |      80 |   0.0 |       0 |      24 |   0.0 |   876
               +---------+---------+-------+---------+---------+-------+---------
           D:1 |       0 |      42 |   0.0 |       0 |      15 |   0.0 |   617
           D:2 |       0 |      38 |   0.0 |       0 |       9 |   0.0 |   259
               +---------+---------+-------+---------+---------+-------+---------
